 Dungeon Crawl Stone Soup version 0.24.0-37-gcf1ca852f1 (webtiles) character file.

Game seed: 11670761285434081797, levelgen mode: deterministic

32 Descartes the Sneak (level 3, -4/17 HPs)
             Began as a Felid Monk on Nov 24, 2019.
             Slain by a leopard gecko (5 damage)
             ... on level 1 of the Dungeon.
             The game lasted 00:01:49 (1117 turns).

Descartes the Sneak (Felid Monk)                    Turns: 1117, Time: 00:01:49

Health: -4/17      AC:  1    Str:  8    XL:     3   Next: 8%
Magic:  4/4        EV: 19    Int: 11    God:
Gold:   44         SH:  0    Dex: 18    Spells: 2/2 levels left
                                        Lives:  0   Deaths: 0

rFire    . . .     SeeInvis +     - Unarmed
rCold    . . .     Gourm    .   (shield unavailable)
rNeg     . . .     Faith    .   (armour unavailable)
rPois    .         Spirit   .   (helmet unavailable)
rElec    .         Reflect  .   (cloak unavailable)
rCorr    .         Harm     .   (gloves unavailable)
MR       .....                  (boots unavailable)
Stlth    ++++......             (no amulet)
HPRegen  0.05/turn              (no ring)
MPRegen  0.09/turn              (no ring)

@: quick
A: very small, no armour, no weapons or thrown items, stealth, claws 1, fangs 3,
see invisible, carnivore, speed 1, shaggy fur 1, slow metabolism 1, sharp paws
a: no special abilities


You were on level 1 of the Dungeon.
You were completely stuffed.

You visited 1 branch of the dungeon, and saw 1 of its levels.

You collected 44 gold pieces.

Inventory:

Missiles
 d - 30 stones
 f - 22 arrows
Scrolls
 b - a scroll of teleportation
 e - a scroll of enchant armour {unknown}
Potions
 c - 2 potions of curing {unknown}
Comestibles
 a - 2 rations


   Skills:
 - Level 3.0 Fighting
 - Level 4.0 Dodging
 + Level 5.1 Stealth
 - Level 3.0 Unarmed Combat


You had 2 spell levels left.
You didn't know any spells.
Your spell library was empty.

Dungeon Overview and Level Annotations

Branches:
Dungeon (1/15)

Altars:


Innate Abilities, Weirdness & Mutations

You cannot wear armour.
You are incapable of wielding weapons or throwing items.
Your paws allow you to move quietly. (Stealth)
You have sharp claws.
You have razor-sharp teeth.
You have supernaturally acute eyesight. (SInv)
You are carnivorous and can eat meat at any time.
You cover ground quickly.
You are covered in fur. (AC +1)
You have a slow metabolism.
Your sharp claws are effective at attacking unaware monsters.


Message History

You scratch the ooze.
You kill the ooze!
You have reached level 3!
Your experience leads to an increase in your attributes!
Increase (S)trength, (I)ntelligence, or (D)exterity?
You feel stronger.
You closely miss the leopard gecko.
The leopard gecko is moderately wounded.
The leopard gecko bites you.
* * * LOW HITPOINT WARNING * * *
You scratch the leopard gecko.
The leopard gecko is severely wounded.
The leopard gecko misses you. x2
You barely miss the leopard gecko.
The leopard gecko is severely wounded.
The leopard gecko closely misses you.
You closely miss the leopard gecko.
The leopard gecko is severely wounded.
The leopard gecko bites you.
You die...

...#....## ##....#...#.##
...#.....### ###.....#...#...
#...#......#######......#...##...
#....###.............###....#....
##......###.......###......##....
.###.......#######.......###.....
...#####........÷....#####...#.))
...+...###############...........
... ##......##.l@.............÷÷.
...##.....#.##.########..........
+##..............######.##.......
........................#........
........................###....##
..........##+#+##.......#......##
.(....##.....#.##................
......##.........................
......#.....#...............)....


You could see a leopard gecko.

Vanquished Creatures
  An ooze (D:1)
  A leopard gecko (D:1)
  3 bats (D:1)
  A giant cockroach (D:1)
  2 goblins (D:1)
  7 hobgoblins (D:1)
  A jackal (D:1)
  3 frilled lizards (D:1)
  A kobold (D:1)
  6 rats (D:1)
26 creatures vanquished.

Notes
Turn   | Place    | Note
-------+----------+-------------------------------------------
     0 | D:1      | Descartes the Felid Monk began the quest for the Orb.
     0 | D:1      | Reached XP level 1. HP: 10/10 MP: 2/2
    37 | D:1      | Reached skill level 3 in Stealth
   402 | D:1      | Reached XP level 2. HP: 14/14 MP: 3/3
   405 | D:1      | Reached skill level 4 in Stealth
  1107 | D:1      | Reached skill level 5 in Stealth
  1113 | D:1      | Reached XP level 3. HP: 2/17 MP: 4/4
  1117 | D:1      | Slain by a leopard gecko

Levels and vault maps discovered:
D:1:      dpeg_arrival_oval, layout_basic, amethyst_killhole,
          minmay_heptomino_h4

Skill      XL: |  1  2 |
---------------+-------+-----
Stealth        | 3 5 |  5.1
Fighting       | |  3.0
Dodging        | |  4.0
Unarmed Combat | |  3.0

Action                   || total
-------------------------++-------
Melee: Unarmed           ||    79
       Bite              ||     6
  Use: Potion            ||     3
       Scroll            ||     1
 Stab: Sleeping          ||     4
  Eat: Chunk             ||     8
Armor: Skin              ||     1
Dodge: Dodged            ||    66
